 Dungeon Crawl Stone Soup version 0.31-a0-246-g8cbcc1cb85 (webtiles) character file.

Game seed: 14940305277036057739

98672 ragingrage the Gnoll Aeon (level 16, -2/121 (125) HPs)
             Began as a Gnoll Hexslinger on July 12, 2023.
             Was the Champion of Cheibriados.
             Slain by a red devil
             ... wielding a +0 trident
             ... summoned by an orc sorcerer
              (13 damage)
             ... while paralysed by an orc sorcerer
             ... on level 15 of the Dungeon.
             The game lasted 00:42:17 (22388 turns).

ragingrage the Gnoll Aeon (Gnoll Hexslinger)       Turns: 22388, Time: 00:42:18

HP:   -2/121 (125)  AC: 29    Str: 26    XL:     16   Next: 23%
MP:   31/31         EV: -1    Int: 33    God:    Cheibriados [******]
Gold: 1765          SH:  0    Dex: 31    Spells: 16/37 levels left

rFire   + . .        a - +5 lajatang (venom)
rCold   + . .        (shield currently unavailable)
rNeg    . . .        U - +0 gold dragon scales
rPois   +            v - +1 helmet
rElec   .            j - +1 cloak of Yrufif {Int+2}
rCorr   +            s - +2 pair of gloves
SInv    .            f - +2 pair of boots
Will    +....        d - amulet of regeneration Stlth
                     E - +5 ring of evasion
HPRegen 1.20/turn    H - ring of resist corrosion
MPRegen 0.22/turn

%: no passive effects
@: paralysed, constricted, lightly drained, very slow
A: fangs 1, strong nose, distributed training
a: Renounce Religion, Bend Time, Temporal Distortion, Slouch, Step From Time


You were on level 15 of the Dungeon.
You worshipped Cheibriados.
Cheibriados was exalted by your worship.
You visited 4 branches of the dungeon, and saw 23 of its levels.
You also visited: Bailey and Ice Cave.

You collected 3020 gold pieces.
You spent 1255 gold pieces at shops.

Inventory:

Hand Weapons
 a - a +5 lajatang of venom (weapon)
 b - a +2 longbow of flaming
Missiles
 F - 3 throwing nets
 I - 4 curare-tipped darts
Armour
 f - a +2 pair of boots (worn)
 j - the +1 cloak of Yrufif (worn) {Int+2}
   (You found it on level 5 of the Lair of Beasts)

   Int:       It affects your intelligence (+2).
 s - a +2 pair of gloves (worn)
 v - a +1 helmet (worn)
 U - +0 gold dragon scales (worn)
Jewellery
 c - a ring of flight
 d - an amulet of regeneration (around neck)
 E - a +5 ring of evasion (left hand)
 H - a ring of resist corrosion (right hand)
 R - a ring of protection from cold
 V - a ring of willpower
 Z - a ring of positive energy
Wands
 i - a wand of acid (19)
 u - a wand of digging (5)
 w - a wand of charming (4)
 K - a wand of flame (25)
 Q - a wand of iceblast (20)
 X - a wand of mindburst (2)
Scrolls
 e - 5 scrolls of revelation
 g - 8 scrolls of fog
 h - 6 scrolls of amnesia
 l - 3 scrolls of enchant weapon
 q - 5 scrolls of teleportation
 r - 3 scrolls of vulnerability
 t - 3 scrolls of poison
 x - 3 scrolls of identify
 C - 4 scrolls of blinking
 L - a scroll of brand weapon {unknown}
 W - 2 scrolls of fear
Potions
 k - 8 potions of curing
 m - 5 potions of attraction
 n - 4 potions of invisibility
 p - a potion of ambrosia {unknown}
 z - a potion of experience {unknown}
 A - 2 potions of enlightenment {unknown}
 B - 5 potions of degeneration {unknown}
 G - 6 potions of heal wounds {unknown}
 J - 2 potions of cancellation {unknown}
 M - 5 potions of brilliance {unknown}
 N - 2 potions of might {unknown}
 O - 5 potions of mutation {unknown}
 P - 2 potions of resistance {unknown}
 T - 3 potions of lignification {unknown}
 Y - a potion of magic {unknown}
Miscellaneous
 o - a phial of floods
 y - a sack of spiders (inert)
 D - a tin of tremorstones (2/2)


   Skills:
 + Level 11.2 Fighting
 + Level 10.9 Short Blades
 + Level 10.9 Long Blades
 + Level 10.9 Axes
 + Level 10.9 Maces & Flails
 + Level 10.9 Polearms
 + Level 10.9 Staves
 + Level 11.8 Ranged Weapons
 + Level 10.9 Throwing
 + Level 10.9 Armour
 + Level 11.8 Dodging
 + Level 10.9 Stealth
 + Level 10.9 Shields
 + Level 10.9 Unarmed Combat
 + Level 11.3 Spellcasting
 + Level 9.2 Conjurations
 + Level 10.7 Hexes
 + Level 9.2 Summonings
 + Level 9.2 Necromancy
 + Level 9.2 Translocations
 + Level 9.2 Transmutations
 + Level 9.2 Fire Magic
 + Level 9.2 Ice Magic
 + Level 9.2 Air Magic
 + Level 9.2 Earth Magic
 + Level 9.2 Poison Magic
 + Level 11.9 Invocations
 + Level 10.9 Evocations
 + Level 9.2 Shapeshifting


You had 16 spell levels left.
You knew the following spells:

 Your Spells              Type           Power      Damage    Failure   Level
a - Wereblood             Tmut           68%        N/A       3%          2
b - Animate Armour        Summ/Erth      100%       N/A       21%         4
c - Yara's Violent Unrav  Hex/Tmut       35%        3d14      38%         5
d - Passage of Golubria   Tloc           68%        N/A       21%         4
e - Slow                  Hex            100%       N/A       1%          1
f - Inner Flame           Hex/Fire       71%        N/A       4%          3
g - Passwall              Tmut/Erth      56%        N/A       3%          2

Your spell library contained the following spells:

 Spells                   Type           Power      Damage    Failure   Level
 Poisonous Vapours        Pois/Air       100%       N/A       3%          2
 Sublimation of Blood     Necr           68%        N/A       3%          2
 Tukima's Dance           Hex            74%        N/A       3%          3
 Portal Projectile        Hex/Tloc       100%       N/A       4%          3
 Frozen Ramparts          Ice            100%       1d16      6%          3
 Stone Arrow              Conj/Erth      100%       3d13      6%          3
 Cause Fear               Hex            37%        N/A       11%         4
 Petrify                  Tmut/Erth      68%        N/A       21%         4
 Summon Lightning Spire   Summ/Air       68%        N/A       21%         4
 Metabolic Englaciation   Hex/Ice        35%        N/A       38%         5
 Lee's Rapid Deconstruct  Erth           34%        3d17*     50%         5
 Conjure Ball Lightning   Conj/Air       34%        3x3d11    97%         6
 Simulacrum               Ice/Necr       34%        N/A       97%         6
 Haunt                    Necr/Summ      34%        N/A       100%        7
 Ozocubu's Refrigeration  Ice            34%        4d15      100%        7
 Summon Hydra             Summ           34%        N/A       100%        7
 Borgnjor's Revivificati  Necr           34%        N/A       100%        8
 Discord                  Hex            37%        N/A       100%        8
 Disjunction              Tloc           34%        N/A       100%        8
 Lehudib's Crystal Spear  Conj/Erth      34%        10d9      100%        8
 Death's Door             Necr           34%        N/A       100%        9
 Polar Vortex             Ice            34%        12d4*     100%        9


Dungeon Overview and Level Annotations

Branches:
Dungeon (15/15)            Temple (1/1) D:5            Lair (5/5) D:8
 Shoals (0/4) Lair:3       Spider (0/4) Lair:3        Slime (0/5) Lair:5
    Orc (2/2) D:9             Elf (0/3) Orc:2        Vaults (0/5) D:13
 Depths (0/4) D:15         Bailey (visited)           IceCv (visited)

Altars:
Ashenzari
Cheibriados
Dithmenos
Elyvilon
Fedhas
Gozag
Hepliaklqana
Kikubaaqudgha
Makhleb
Nemelex Xobeh
Okawaru
Qazlal
Ru
Sif Muna
Trog
Uskayaw
Vehumet
Wu Jian
Xom
Yredelemnul
Zin
The Shining One
Jiyva

Shops:
D:4 *   D:8 *   D:10 *   D:15 *   Orc:2 *([:

Annotations:
D:9 exclusion: door
Lair:5 1 runed translucent door


Innate Abilities, Weirdness & Mutations

You have very sharp teeth.
Your uncanny sense of smell can sniff out nearby items.
Your experience applies equally to all skills.


Message History

You slice the naga mage!! The chaos spawn closely misses you.
The red devil barely misses you. The naga mage barely misses you.
The naga mage completely misses you. The orc sorcerer casts a spell at you.
You suddenly lose the ability to move!
The orc sorcerer hits you but does no damage.
The naga mage hits you but does no damage.
The naga mage grabs you. The naga mage constricts you.
The chaos spawn gores you but does no damage.
The red devil hits you but does no damage.
The orc sorcerer hits you but does no damage. x2
The naga mage hits you but does no damage.
The naga mage constricts you.
The chaos spawn gores you but does no damage.
The naga mage spits poison at you.
The splash of poison hits you but does no damage.
You resist. The naga mage constricts you.
The orc sorcerer hits you but does no damage.
The orc sorcerer hits you with a +0 dagger.
The naga mage hits you with a +0 flail!
* * * LOW HITPOINT WARNING * * *
The naga mage constricts you.
The chaos spawn hits you but does no damage.
The red devil hits you but does no damage.
The orc sorcerer gestures wildly while chanting.
The orc sorcerer casts a spell.
The orc sorcerer casts a spell at you. The bolt of negative energy hits you!
You feel drained.
* * * LOW HITPOINT WARNING * * *
The bolt of negative energy hits the chaos spawn.
The chaos spawn completely resists.
The naga mage hits you with a +0 flail.
* * * LOW HITPOINT WARNING * * *
The naga mage constricts you.
* * * LOW HITPOINT WARNING * * *
The chaos spawn gores you but does no damage.
The naga mage hits you with a +0 flail.
* * * LOW HITPOINT WARNING * * *
The naga mage constricts you.
The red devil hits you from afar with a +0 trident!
You die...

≈......# ######).## *,.
.......#######.......# **..
....................## *...
.......#######.....## ###...
.......#,...........## #...,#
.......#.####4###....#######.##.#
.........##...4o##.#.#..........#
#.......##...33o4##....#####)####
#.......#,,****#@.#..### ##.#
#.......#,,*,,,#oN#..######..#
.......##,,*,>,#..##..#####.##
........*,,*,,,#..###.####..##
#.......*,,**+*#..###.####.###
.)......**,,,,∆..####)####.###
.#...,,****,,,,.#####.##...###
##*..,** *****###.....W.#####
*,.** *#...###.#######


You could see a sun demon (summoned), a naga mage (fast), a neqoxec (summoned),
2 chaos spawn, 3 orc sorcerers and a red devil (summoned).

Vanquished Creatures
  Jorgrun (D:14)
  Agnes (D:14)
  2 orc warlords
  A quicksilver ooze (Lair:4)
  Nessos (D:15)
  Josephine (D:13)
  A fire dragon (D:15)
  A vault guard (D:13)
  Harold (D:9)
  An ogre mage (D:13)
  4 centaur warriors
  3 catoblepae (Lair:5)
  5 hydras
  2 two-headed ogres
  A death knight (D:14)
  4 boulder beetles
  9 death yaks
  2 orc high priests
  Sonja (Lair:5)
  5 skysharks
  Lodul (D:14)
  2 bog bodies (IceCv)
  4 orc knights
  2 deep elf pyromancers
  3 orc sorcerers (Orc:2)
  7 ugly things
  3 cyclopes
  22 elephants
  2 manticores (Lair:5)
  Maurice (Orc:1)
  4 black mambas
  9 cane toads
  Joseph (D:9)
  An ice statue (IceCv)
  2 torpor snails (Lair:4)
  4 gargoyles
  An unseen horror (D:12)
  Maggie (D:7)
  An efreet (D:15)
  2 ice devils (IceCv)
  A freezing wraith (D:15)
  A tengu conjurer (D:13)
  An anaconda simulacrum (IceCv)
  2 rime drakes
  10 komodo dragons
  5 trolls
  Grinder (D:5)
  5 polar bears
  A hornet (D:9)
  8 blink frogs
  7 dream sheep
  3 slime creatures (Lair:4)
  Sigmund (D:4)
  4 wyverns
  9 wraiths
  76 yaks
  Eustachio (D:3)
  3 basilisks
  8 vampire mosquitoes
  A steam dragon (D:8)
  Menkaure (D:7)
  A death yak simulacrum (Lair:2)
  2 wargs
  5 acid dragons
  3 harpy simulacra (IceCv)
  22 orc warriors
  9 water moccasins
  6 black bears
  6 ice beasts
  16 centaurs
  17 ogres
  13 wolves
  4 phantoms (D:5)
  Blork the orc (D:5)
  8 bullfrogs
  3 kobold brigands
  5 cane toad simulacra (IceCv)
  4 two-headed ogre simulacra (IceCv)
  4 gnoll sergeants
  3 scorpions (D:5)
  6 wights
  15 killer bees
  2 elephant simulacra (IceCv)
  An electric eel (Lair:1)
  2 lava snakes (D:8)
  6 jellies
  5 hounds
  A gnoll bouda (D:6)
  23 orc priests
  3 iguanas
  22 orc wizards
  7 spriggan simulacra (IceCv)
  10 troll simulacra (IceCv)
  3 wolf simulacra
  2 polar bear simulacra (IceCv)
  33 gnolls
  4 adders (D:2)
  6 naga simulacra (IceCv)
  6 white imps
  A howler monkey simulacrum (D:9)
  7 ufetubi
  2 worms
  A dart slug (D:1)
  101 orcs
  9 ball pythons
  4 bats
  8 endoplasms
  A giant cockroach (shapeshifter) (D:14)
  3 giant cockroaches
  9 goblins
  5 hobgoblins
  17 kobolds
  3 quokkas
  4 frilled lizards
  A spectral orc (D:3)
734 creatures vanquished.

Vanquished Creatures (collateral kills)
  3 vault guards (D:13)
  An orc knight (D:13)
  6 ugly things
  An orc sorcerer (D:13)
  2 orc warriors (D:13)
  A nameless horror (D:14)
  An orc priest (D:9)
15 creatures vanquished.

Vanquished Creatures (others)
  An ugly thing (D:9)
  An orc wizard (Orc:2)
  A gnoll (Bailey)
3 creatures vanquished.

Grand Total: 752 creatures vanquished

Notes
Turn   | Place    | Note
-------+----------+-------------------------------------------
     0 | D:1      | ragingrage the Gnoll Hexslinger began the quest for the
                  | Orb.
     0 | D:1      | Reached XP level 1. HP: 17/17 MP: 4/4
   218 | D:1      | Reached XP level 2. HP: 18/23 MP: 5/5
   337 | D:1      | You fall into a shaft and drop 1 floor!
   361 | D:2      | Reached XP level 3. HP: 23/28 MP: 7/7
  1053 | D:1      | Found a faded altar of an unknown god.
  1195 | D:2      | Reached skill level 1 in Invocations
  1240 | D:2      | Reached skill level 1 in Short Blades
  1240 | D:2      | Reached skill level 1 in Long Blades
  1240 | D:2      | Reached skill level 1 in Axes
  1240 | D:2      | Reached skill level 1 in Maces & Flails
  1240 | D:2      | Reached skill level 1 in Polearms
  1240 | D:2      | Reached skill level 1 in Staves
  1240 | D:2      | Reached skill level 1 in Throwing
  1240 | D:2      | Reached skill level 1 in Armour
  1240 | D:2      | Reached skill level 1 in Stealth
  1240 | D:2      | Reached skill level 1 in Shields
  1240 | D:2      | Reached skill level 1 in Unarmed Combat
  1240 | D:2      | Reached skill level 1 in Evocations
  1282 | D:2      | Reached XP level 4. HP: 32/34 MP: 8/8
  1458 | D:2      | Learned a level 3 spell: Inner Flame
  1742 | D:2      | Reached skill level 1 in Conjurations
  1742 | D:2      | Reached skill level 1 in Summonings
  1742 | D:2      | Reached skill level 1 in Necromancy
  1742 | D:2      | Reached skill level 1 in Translocations
  1742 | D:2      | Reached skill level 1 in Transmutations
  1742 | D:2      | Reached skill level 1 in Fire Magic
  1742 | D:2      | Reached skill level 1 in Ice Magic
  1742 | D:2      | Reached skill level 1 in Air Magic
  1742 | D:2      | Reached skill level 1 in Earth Magic
  1742 | D:2      | Reached skill level 1 in Poison Magic
  1742 | D:2      | Reached skill level 1 in Shapeshifting
  2076 | D:3      | Found a basalt altar of Yredelemnul.
  2232 | D:4      | Found Jiydabit's Assorted Antiques.
  2351 | D:3      | Reached XP level 5. HP: 26/40 MP: 9/9
  2380 | D:4      | Found a radiant altar of Vehumet.
  2484 | D:4      | Reached XP level 6. HP: 47/47 MP: 9/11
  2540 | D:4      | Reached skill level 5 in Ranged Weapons
  2540 | D:4      | Reached skill level 5 in Dodging
  2616 | D:4      | Bought a scroll labelled VAAPSO RIJA for 30 gold pieces
  2616 | D:4      | Bought a scroll labelled XIMEST ROWAR for 30 gold pieces
  2616 | D:4      | Bought a scroll labelled VAAPSO RIJA for 30 gold pieces
  2616 | D:4      | Bought a bronze wand for 120 gold pieces
  2666 | D:4      | Noticed Eustachio
  2740 | D:3      | Killed Eustachio
  2741 | D:3      | Reached XP level 7. HP: 28/52 MP: 12/12
  2875 | D:4      | Noticed Sigmund
  2893 | D:4      | Killed Sigmund
  3035 | D:5      | Entered Level 5 of the Dungeon
  3233 | D:5      | Identified the +8 short sword of Ozazxedd {venom, *Slow
                  | rPois Str+4 Dex+8}
  3337 | D:5      | Noticed Grinder
  3341 | D:5      | Noticed Blork the orc
  3352 | D:5      | Killed Blork the orc
  3353 | D:5      | Reached XP level 8. HP: 60/60 MP: 14/14
  3356 | D:5      | Your ally Grinder died
  3533 | D:5      | Found a staircase to the Ecumenical Temple.
  3553 | Temple   | Entered the Ecumenical Temple
  3725 | Temple   | Became a worshipper of Cheibriados the Contemplative
  3949 | D:5      | Reached XP level 9. HP: 65/66 MP: 16/16
  4230 | D:6      | Reached skill level 5 in Spellcasting
  4356 | D:6      | Reached * piety under Cheibriados
  4591 | D:6      | Reached skill level 5 in Fighting
  4840 | D:7      | Found a sparkling altar of Nemelex Xobeh.
  5119 | D:7      | Noticed Menkaure
  5123 | D:7      | Noticed Maggie
  5128 | D:7      | Killed Menkaure
  5142 | D:7      | Killed Maggie
  5224 | D:7      | Reached skill level 5 in Invocations
  5498 | D:7      | Reached XP level 10. HP: 75/75 MP: 18/18
  5659 | D:7      | Found a hide-covered altar of Uskayaw.
  5668 | D:7      | Reached skill level 5 in Short Blades
  5668 | D:7      | Reached skill level 5 in Long Blades
  5668 | D:7      | Reached skill level 5 in Axes
  5668 | D:7      | Reached skill level 5 in Maces & Flails
  5668 | D:7      | Reached skill level 5 in Polearms
  5668 | D:7      | Reached skill level 5 in Staves
  5668 | D:7      | Reached skill level 5 in Throwing
  5668 | D:7      | Reached skill level 5 in Armour
  5668 | D:7      | Reached skill level 5 in Stealth
  5668 | D:7      | Reached skill level 5 in Shields
  5668 | D:7      | Reached skill level 5 in Unarmed Combat
  5668 | D:7      | Reached skill level 5 in Evocations
  5669 | D:7      | Reached ** piety under Cheibriados
  6106 | D:8      | Found a flagged portal.
  6139 | Bailey   | Entered a bailey
  6225 | Bailey   | Noticed an orc knight
  6244 | Bailey   | Killed an orc knight
  6514 | D:8      | Found a staircase to the Lair.
  6568 | D:8      | Reached *** piety under Cheibriados
  6906 | D:8      | Found Dizxanur's Assorted Antiques.
  6935 | D:8      | Bought a black potion for 23 gold pieces
  6935 | D:8      | Bought 2 amethyst potions for 46 gold pieces
  6935 | D:8      | Bought a scroll labelled NEG DOGODU for 26 gold pieces
  7366 | D:9      | Reached XP level 11. HP: 83/83 MP: 20/20
  7462 | D:9      | Reached **** piety under Cheibriados
  7494 | D:9      | Reached skill level 5 in Conjurations
  7494 | D:9      | Reached skill level 5 in Summonings
  7494 | D:9      | Reached skill level 5 in Necromancy
  7494 | D:9      | Reached skill level 5 in Translocations
  7494 | D:9      | Reached skill level 5 in Transmutations
  7494 | D:9      | Reached skill level 5 in Fire Magic
  7494 | D:9      | Reached skill level 5 in Ice Magic
  7494 | D:9      | Reached skill level 5 in Air Magic
  7494 | D:9      | Reached skill level 5 in Earth Magic
  7494 | D:9      | Reached skill level 5 in Poison Magic
  7494 | D:9      | Reached skill level 5 in Shapeshifting
  7514 | D:9      | Noticed Joseph
  7533 | D:9      | Killed Joseph
  7705 | D:9      | Noticed Harold
  7727 | D:9      | Killed Harold
  8009 | D:9      | Found a shimmering blue altar of Sif Muna.
  8098 | D:9      | Noticed a cyclops
  8099 | D:9      | Noticed a boulder beetle
  8106 | D:9      | Killed a cyclops
  8120 | D:9      | Killed a boulder beetle
  8132 | D:9      | Identified the +5 dagger "Maczaanos" {freeze, rElec rN++
                  | Int-5 SInv}
  8132 | D:9      | Identified the +0 troll leather armour of the Poles {rPois
                  | rF- Regen+ Stlth+}
  8133 | D:9      | Identified the +0 chain mail of the Bells {Harm rN++ Regen+
                  | Str-4}
  8134 | D:9      | Noticed a cyan ugly thing
  8185 | D:9      | Noticed a deep elf pyromancer
  8199 | D:9      | Killed a deep elf pyromancer
  8199 | D:9      | Reached ***** piety under Cheibriados
  8306 | D:9      | Found a staircase to the Orcish Mines.
  8485 | Lair:1   | Entered Level 1 of the Lair of Beasts
  8977 | Lair:1   | Noticed an eight-headed hydra
  8980 | Lair:1   | Killed an eight-headed hydra
  8981 | Lair:1   | Reached XP level 12. HP: 91/91 MP: 23/23
  9434 | Lair:2   | Learned a level 5 spell: Yara's Violent Unravelling
  9441 | Lair:2   | Learned a level 4 spell: Passage of Golubria
  9528 | Lair:2   | Noticed a skyshark
  9544 | Lair:2   | Killed a skyshark
  9593 | Lair:2   | Found a frozen archway.
  9615 | IceCv    | Entered an ice cave
  9902 | IceCv    | Reached ****** piety under Cheibriados
 10907 | IceCv    | Identified the +0 morningstar of the King {heavy, rN+
                  | rCorr}
 11335 | Lair:2   | Noticed a four-headed hydra
 11349 | Lair:2   | Killed a four-headed hydra
 11416 | Lair:2   | Noticed a skyshark
 11433 | Lair:2   | Killed a skyshark
 12076 | Lair:3   | Noticed a skyshark
 12088 | Lair:3   | Reached XP level 13. HP: 99/99 MP: 25/25
 12239 | Lair:3   | Found a hole to the Spider Nest.
 12318 | Lair:3   | Found a staircase to the Shoals.
 14152 | Lair:4   | Noticed a quicksilver ooze
 14160 | Lair:4   | Killed a quicksilver ooze
 14174 | Lair:4   | Reached skill level 10 in Ranged Weapons
 14174 | Lair:4   | Reached skill level 10 in Dodging
 14507 | Lair:5   | Entered Level 5 of the Lair of Beasts
 14579 | Lair:5   | Reached XP level 14. HP: 108/108 MP: 27/27
 14732 | Lair:5   | Reached skill level 10 in Invocations
 15366 | Lair:5   | Reached skill level 10 in Spellcasting
 15565 | Lair:5   | Reached skill level 10 in Fighting
 15657 | Lair:5   | Found the +3 giant club "Skullcrusher" {speed, Str+7}
 15909 | Lair:5   | Found a runed translucent door.
 15910 | Lair:5   | Found a viscous altar of Jiyva.
 15912 | Lair:5   | Found a staircase to the Slime Pits.
 15928 | Lair:5   | Identified the +1 cloak of Yrufif {Int+2}
 16117 | Lair:5   | Noticed Sonja
 16127 | Lair:5   | Killed Sonja
 16308 | Orc:1    | Entered Level 1 of the Orcish Mines
 16318 | Orc:1    | Noticed an orc warlord
 16350 | Orc:1    | Killed an orc warlord
 16351 | Orc:1    | Reached skill level 10 in Hexes
 16351 | Orc:1    | Reached XP level 15. HP: 16/115 MP: 24/29
 16440 | Orc:1    | Noticed Maurice
 16456 | Orc:1    | Killed Maurice
 16808 | Orc:1    | Reached skill level 10 in Short Blades
 16808 | Orc:1    | Reached skill level 10 in Long Blades
 16808 | Orc:1    | Reached skill level 10 in Axes
 16808 | Orc:1    | Reached skill level 10 in Maces & Flails
 16808 | Orc:1    | Reached skill level 10 in Polearms
 16808 | Orc:1    | Reached skill level 10 in Staves
 16808 | Orc:1    | Reached skill level 10 in Throwing
 16808 | Orc:1    | Reached skill level 10 in Armour
 16808 | Orc:1    | Reached skill level 10 in Stealth
 16808 | Orc:1    | Reached skill level 10 in Shields
 16808 | Orc:1    | Reached skill level 10 in Unarmed Combat
 16808 | Orc:1    | Reached skill level 10 in Evocations
 16898 | Orc:2    | Entered Level 2 of the Orcish Mines
 16999 | Orc:2    | Paralysed by an orc sorcerer for 5 turns
 17012 | Orc:2    | Paralysed by an orc sorcerer for 5 turns
 17265 | Orc:2    | Noticed an orc warlord
 17292 | Orc:2    | Killed an orc warlord
 17369 | Orc:2    | Found Ofiqudgh's Antique Armour Shop.
 17470 | Orc:2    | Found a staircase to the Elven Halls.
 17577 | Orc:2    | Found Upaloats's Book Shop.
 17583 | Orc:2    | Bought Magic Continued for 234 gold pieces
 17583 | Orc:2    | Bought a book of Armaments for 468 gold pieces
 17588 | Orc:2    | Learned a level 4 spell: Animate Armour
 17591 | Orc:2    | Learned a level 2 spell: Wereblood
 17594 | Orc:2    | Learned a level 2 spell: Passwall
 17602 | Orc:2    | Found Gisont's General Store.
 17610 | Orc:2    | Bought a scroll of revelation for 97 gold pieces
 17619 | Orc:2    | Found Reet's Antique Weapon Shop.
 17975 | D:10     | Entered Level 10 of the Dungeon
 18298 | D:10     | Found Xysmeiku's Assorted Antiques.
 18301 | D:10     | Bought a crooked wooden wand for 124 gold pieces
 18301 | D:10     | Bought a grey potion for 27 gold pieces
 19024 | D:12     | Identified the +1 chain mail of the Mind {rC+ SInv}
 19769 | D:13     | Noticed Josephine
 19779 | D:13     | Killed Josephine
 20191 | D:13     | Identified the +10 trident of Fate {holy, rPois Int+3}
 20487 | D:13     | Found a gate to the Vaults.
 20845 | D:14     | Found an opulent altar of Gozag.
 21251 | D:14     | Noticed Jorgrun
 21279 | D:14     | Killed Jorgrun
 21280 | D:14     | Reached XP level 16. HP: 110/125 MP: 31/31
 21384 | D:14     | Noticed Lodul
 21403 | D:14     | Killed Lodul
 21678 | D:14     | Noticed Agnes
 21691 | D:14     | Killed Agnes
 21910 | D:15     | Entered Level 15 of the Dungeon
 21991 | D:15     | Found a stormy altar of Qazlal.
 22291 | D:15     | Noticed Nessos
 22296 | D:15     | Killed Nessos
 22349 | D:15     | Found Xobron's Assorted Antiques.
 22384 | D:15     | Paralysed by an orc sorcerer for 5 turns
 22388 | D:15     | Slain by a red devil

Illustrated notes

Levels and vault maps discovered:
D:1:      lemuel_arrival_rhombus, layout_basic, chequers_ecumenical_altar_lobes
D:2:      layout_basic
D:3:      layout_rooms, nicolae_overflow_hidden_temple,
          yredelemnul_forgotten_temple_becter
D:4:      layout_cave_pools, nicolae_vehumet_altar_sigil, serial_shops,
          nicolae_shop_peninsula, uniq_eustachio, uniq_sigmund
D:5:      layout_basic, temple_statues, minmay_misc_feat_plants,
          uniq_blork_the_orc, uniq_grinder
D:6:      layout_basic
D:7:      layout_loops_ring, nicolae_uskayaw_dance_studio,
          nemelex_xobeh_ov_fountains_minmay, centaur_isle, uniq_maggie,
          uniq_menkaure
D:8:      layout_basic, hellmonk_lair_entry_icy, enter_bailey_4,
          nicolae_stop_n_shop_2, grunt_decor_junction,
          small_statue_intersection, minmay_misc_feat_x, kennysheep_another_room
D:9:      minmay_the_grid_triangle_9x9_rhombus_thin_mashed
          [minmay_the_grid_triangle_9x9_minimal,
          minmay_the_grid_triangle_9x9_prize_center,
          minmay_the_grid_triangle_9x9_corrupted_corridor,
          minmay_the_grid_triangle_9x9_steps], layout_cave_pools, led_sif_book,
          hiddenorc2_lemuel, uniq_harold, uniq_joseph
D:10:     layout_cross, serial_shops, nicolae_shop_behind_doors,
          columned_hall_lemuel
D:11:     layout_rooms
D:12:     layout_small_grid
D:13:     layout_basic, grunt_vaults_entry_fortified, uniq_josephine
D:14:     layout_loops_cross, minmay_misc_feat_roman, grunt_gozag_breadcrumbs,
          uniq_jorgrun, uniq_lodul, uniq_agnes
D:15:     grunt_enter_depths_magical_seal, layout_rooms,
          nicolae_qazlal_general_emergency, serial_shops,
          nicolae_shop_overgrown_old_shop, kennysheep_two_boxes, uniq_louise,
          uniq_nessos
Temple:   regret_index_temple_sphere_string
Lair:1:   layout_cave_pods, lemuel_fruit_tree, lemuel_fruit_fields,
          infiniplex_staircase_pool_2, serial_bayou_shore_a
Lair:2:   layout_small_grid, portal_ice_cave_entry_ice_simulacra,
          chequers_serial_rivers_micro_a, minivault_19
Lair:3:   layout_loops_ring, elwin_shoals_entry_rocks,
          spider_nest_entry_web_field, small_statue_intersection
Lair:4:   layout_cave_pods, nicolae_lair_time_for_slime, lemuel_fruit_fields
Lair:5:   evilmike_catoblepas_cave, layout_long_grid, slime_entry_2,
          infiniplex_staircase_pool, grunt_megastairs_5, uniq_sonja
Orc:1:    layout_caves, basic_altar, david_defended_altar_orc, uniq_maurice
Orc:2:    grunt_orc_cross, layout_caves

Skill      XL: |  1  2  3  4  5  6  7  8  9 10 11 12 13 14 15 |
---------------+----------------------------------------------+-----
Invocations    | 1 2 3 4 5 6 7 8 9 10 11 | 11.9
Short Blades   | 1 2 3 4 5 7 8 9 10 | 10.9
Long Blades    | 1 2 3 4 5 7 8 9 10 | 10.9
Axes           | 1 2 3 4 5 7 8 9 10 | 10.9
Maces & Flails | 1 2 3 4 5 7 8 9 10 | 10.9
Polearms       | 1 2 3 4 5 7 8 9 10 | 10.9
Staves         | 1 2 3 4 5 7 8 9 10 | 10.9
Throwing       | 1 2 3 4 5 7 8 9 10 | 10.9
Armour         | 1 2 3 4 5 7 8 9 10 | 10.9
Stealth        | 1 2 3 4 5 7 8 9 10 | 10.9
Shields        | 1 2 3 4 5 7 8 9 10 | 10.9
Unarmed Combat | 1 2 3 4 5 7 8 9 10 | 10.9
Evocations     | 1 2 3 4 5 7 8 9 10 | 10.9
Spellcasting   | 3 4 5 6 7 8 9 10 11 | 11.3
Conjurations   | 1 2 3 4 5 6 7 8 9 |  9.2
Summonings     | 1 2 3 4 5 6 7 8 9 |  9.2
Necromancy     | 1 2 3 4 5 6 7 8 9 |  9.2
Translocations | 1 2 3 4 5 6 7 8 9 |  9.2
Transmutations | 1 2 3 4 5 6 7 8 9 |  9.2
Fire Magic     | 1 2 3 4 5 6 7 8 9 |  9.2
Ice Magic      | 1 2 3 4 5 6 7 8 9 |  9.2
Air Magic      | 1 2 3 4 5 6 7 8 9 |  9.2
Earth Magic    | 1 2 3 4 5 6 7 8 9 |  9.2
Poison Magic   | 1 2 3 4 5 6 7 8 9 |  9.2
Shapeshifting  | 1 2 3 4 5 6 7 8 9 |  9.2
Fighting       | 3 4 5 6 7 8 9 10 11 | 11.2
Ranged Weapons | 5 6 7 8 9 10 11 | 11.8
Dodging        | 5 6 7 8 9 10 11 | 11.8
Hexes          | 6 7 8 9 10 | 10.7

Action                     |  1- 3 |  4- 6 |  7- 9 | 10-12 | 13-15 | 16-18 || total
---------------------------+-------+-------+-------+-------+-------+-------++-------
  Melee: Dagger            |       |    63 |    42 |       |       |       ||   105
         Bite              |       |     8 |    32 |   174 |   392 |    27 ||   633
         Punch             |       |     1 |     4 |    19 |       |       ||    24
         Short sword       |       |       |   143 |   916 |  1793 |    67 ||  2919
         Unarmed           |       |       |       |       |       |    48 ||    48
         Lajatang          |       |       |       |       |       |    10 ||    10
   Fire: Sling             |    85 |   136 |    69 |    23 |       |       ||   313
         Longbow           |       |       |       |       |       |    11 ||    11
  Throw: Throwing net      |       |       |       |     1 |       |       ||     1
   Cast: Inner Flame       |       |       |     3 |       |     1 |       ||     4
         Wereblood         |       |       |       |       |     9 |     2 ||    11
         Animate Armour    |       |       |       |       |     9 |     1 ||    10
 Invoke: Slouch            |       |       |       |       |     5 |     2 ||     7
         Step From Time    |       |       |       |       |       |     1 ||     1
  Evoke: Wand              |       |       |     1 |     5 |     4 |     6 ||    16
         Tin of tremorston |       |       |       |     1 |     2 |       ||     3
    Use: Scroll            |       |     8 |     3 |     6 |     3 |     3 ||    23
         Potion            |       |       |       |       |     1 |     2 ||     3
   Stab: Sleeping          |       |       |     8 |    18 |       |       ||    26
         Paralysed         |       |       |     2 |       |       |       ||     2
         Distracted        |       |       |       |     3 |     2 |       ||     5
         Petrifying        |       |       |       |       |     1 |       ||     1
         Petrified         |       |       |       |       |     1 |       ||     1
 Armour: Robe              |    11 |    45 |    35 |       |       |       ||    91
         Steam dragon scal |       |       |    29 |    75 |       |       ||   104
         Troll leather arm |       |       |       |    48 |   158 |       ||   206
         Ice dragon scales |       |       |       |    46 |       |       ||    46
         Gold dragon scale |       |       |       |       |   259 |    88 ||   347
  Dodge: Dodged            |    24 |   102 |   229 |  1103 |  1939 |   126 ||  3523

Table legend: (Time is in decaauts)
 A = Elapsed time spent in this place.
 B = Non-inter-level travel time spent in this place.
 C = Inter-level travel time spent in this place.
 D = Time resting spent in this place.
 E = Time spent auto-exploring this place.
 F = Levels seen in this place.
 G = Mean time per level.
                   A        B        C        D        E       F      G
               +--------+--------+--------+--------+--------+-----+--------+
         Total |  31584 |  29726 |   1858 |   2061 |  20843 |  25 | 1263.4 |
       Dungeon |  16507 |  15508 |    999 |    959 |  11532 |  15 | 1100.5 |
        Temple |    208 |    125 |     83 |      0 |    110 |   1 |  208.0 |
          Lair |   9600 |   8957 |    643 |    471 |   6644 |   5 | 1920.0 |
  Orcish Mines |   2300 |   2168 |    132 |    232 |   1543 |   2 | 1150.0 |
        Bailey |    423 |    423 |      0 |     27 |    243 |   1 |  423.0 |
      Ice Cave |   2544 |   2544 |      0 |    372 |    771 |   1 | 2544.0 |
               +--------+--------+--------+--------+--------+-----+--------+

Top non-repeatable levels by time:
   IceCv: 2544 daAuts
  Lair:5: 2207 daAuts
  Lair:4: 2187 daAuts
  Lair:3: 1830 daAuts
  Lair:2: 1826 daAuts
    D:14: 1805 daAuts
     D:7: 1769 daAuts
     D:9: 1715 daAuts
    D:13: 1564 daAuts
  Lair:1: 1549 daAuts
     D:8: 1527 daAuts
   Orc:2: 1492 daAuts
    D:12: 1121 daAuts
     D:1: 1119 daAuts
    D:11: 943 daAuts
